 Dungeon Crawl Stone Soup version 0.30-b1-2-g02819fbbbe (webtiles) character file.

Game seed: 11643492048737687389

2205 cmoyniez the Shooter (level 9, -4/66 HPs)
             Began as a Demonspawn Enchanter on May 11, 2023.
             Slain by a troll (12 damage)
             ... on level 6 of the Dungeon on May 27, 2023.
             The game lasted 04:20:49 (5478 turns).

cmoyniez the Shooter (Demonspawn Enchanter)         Turns: 5478, Time: 04:20:49

Health: -4/66      AC: 11    Str: 10    XL:     9   Next: 12%
Magic:  12/12      EV:  9    Int: 16    God:
Gold:   38         SH:  0    Dex: 17    Spells: 1/12 levels left

rFire   x . .        u - +10 sling "Miziwove" {freeze, Fly rF- Will+ rCorr}
rCold   . . .        (no shield)
rNeg    . . .        D - +0 scale mail
rPois   +            (helmet restricted)
rElec   .            (no cloak)
rCorr   +            j - +0 pair of gloves
SInv    .            F - +0 pair of boots
Will    +....        (no amulet)
Stlth   +            i - ring of poison resistance
HPRegen 0.31/turn    (no ring)
MPRegen 0.13/turn

%: no passive effects
@: about to teleport, flying
A: claws 2, hooves 1, horns 2, powered by death 1, iridescent scales 1, agile 1,
weak 1
a: no special abilities


You were on level 6 of the Dungeon.
You visited 1 branch of the dungeon, and saw 6 of its levels.

You collected 352 gold pieces.
You spent 314 gold pieces at shops.

Inventory:

Hand Weapons
 a - a +1 dagger
 c - a +1 mace of protection
 e - a +0 hand axe
 h - a +0 long sword
 k - a +0 club
 l - a +2 spear of venom
 n - a +0 short sword
 s - a +0 flail of protection
 u - the +10 sling "Miziwove" (weapon) {freeze, Fly rF- Will+ rCorr}
   (You found it on level 2 of the Dungeon)

   rF:        It makes you vulnerable to fire.
   Fly:       It grants you flight.
   rCorr:     It protects you from acid and corrosion.
   Will:      It increases your willpower.
 x - a +0 war axe
 z - a +0 falchion
 C - a +0 scythe
 E - a +0 halberd
 G - a +1 mace of venom
 H - a +2 flail of holy wrath
 I - a +1 whip of flaming
 J - a +0 trident
 M - a +0 quarterstaff
 N - a +0 rapier
 P - a +0 giant spiked club
 S - a +2 flail of draining
 W - a +4 whip
 X - a +0 shortbow
Missiles
 p - 45 stones
 r - 4 javelins
 V - 3 boomerangs
 Y - a curare-tipped dart
 Z - 19 poisoned darts
Armour
 b - a +0 robe
 f - a +0 helmet of intelligence
 g - a +0 ring mail
 j - a +0 pair of gloves (worn)
 t - a +0 robe
 y - a +0 leather armour
 A - a +2 robe of positive energy
 B - a +0 robe
 D - a +0 scale mail (worn)
 F - a +0 pair of boots (worn)
 L - a +0 robe
 Q - a +0 leather armour
 R - a +0 scale mail
 U - a +0 leather armour of cold resistance
Jewellery
 i - a ring of poison resistance (left hand)
Wands
 O - a wand of charming (15)
Scrolls
 d - a scroll of noise
 o - a scroll of identify
 v - a scroll of vulnerability
Potions
 q - 2 potions of attraction
 T - a potion of magic


   Skills:
 + Level 4.3 Fighting
 + Level 0.8(1.9) Short Blades
 + Level 2.6(2.7) Long Blades
 + Level 7.8 Ranged Weapons
 + Level 4.2 Armour
 + Level 3.3 Dodging
 + Level 3.1 Stealth
 + Level 2.4 Spellcasting
 + Level 3.2 Hexes


You had one spell level left.
You knew the following spells:

 Your Spells              Type           Power      Damage    Failure   Level
a - Ensorcelled Hibernat  Hex/Ice        14%        N/A       67%         2
b - Tukima's Dance        Hex            12%        N/A       67%         3
c - Call Canine Familiar  Summ           1%         N/A       98%         3
d - Portal Projectile     Hex/Tloc       14%        N/A       88%         3

Your spell library contained the following spells:

 Spells                   Type           Power      Damage    Failure   Level
 Confusing Touch          Hex            12%        N/A       67%         3
 Dazzling Flash           Conj/Hex       14%        N/A       88%         3
 Leda's Liquefaction      Hex/Erth       3%         N/A       99%         4


Dungeon Overview and Level Annotations

Branches:
Dungeon (6/15)             Temple (0/1) D:5

Altars:
Ashenzari
Fedhas
Uskayaw
Vehumet

Shops:
D:3 *(*!?   D:4 (   D:5 (:=*[


Innate Abilities, Weirdness & Mutations

You have very sharp fingernails.
You have large cloven feet.
You have a pair of horns on your head.
You regenerate a little health from kills.
You are partially covered in iridescent scales. (AC +2)
You are agile. (Dex +4, Str/Int -1)
You are weak. (Str -2)


Message History

You shoot a sling bullet. The sling bullet hits the hound!
The sling bullet freezes the hound.
The hound is severely wounded.
The hound bites you but does no damage. The hound barely misses you.
You shoot a sling bullet.
The sling bullet closely misses the hound.
The sling bullet hits the troll.
The sling bullet freezes the troll.
The troll is lightly wounded.
The hound bites you. The hound bites you but does no damage.
You shoot a sling bullet.
The sling bullet closely misses the hound.
The sling bullet hits the troll.
The sling bullet freezes the troll.
The troll is moderately wounded.
The hound closely misses you. The hound bites you but does no damage.
You shoot a sling bullet. The sling bullet hits the hound.
The sling bullet freezes the hound.
You kill the hound!
You shoot a sling bullet. The sling bullet hits the troll!
The sling bullet freezes the troll.
The troll is heavily wounded.
The troll bites you but does no damage.
The troll claws you but does no damage. x2
You shoot a sling bullet. The sling bullet hits the troll!
The sling bullet freezes the troll.
The troll is severely wounded.
The troll bites you but does no damage. The troll claws you. x2
The troll bites you but does no damage.
The troll claws you but does no damage. x2
As you read the scroll of fog, it crumbles to dust.
The scroll dissolves into smoke.
The troll barely misses you. The troll claws you. The troll closely misses you.
As you read the scroll of torment, it crumbles to dust.
Your body is wracked with pain!
* * * LOW HITPOINT WARNING * * *
The troll convulses!
The troll bites you but does no damage. The troll claws you but does no damage.
The troll completely misses you.
As you read the scroll of teleportation, it crumbles to dust.
You feel strangely unstable. The troll closely misses you.
The troll claws you but does no damage. The troll claws you!
* * * LOW HITPOINT WARNING * * *
The troll bites you!
You die...

#.######## #.........
#.###.##.# #.# #.##.#
####### ####.###.##.#
#.....#######.##.#...##.#
#.....'.§§§#^#.#.#.####.#
#..#).#§§§§#.........##.#
#.....#§@§§##.##.#...##.#
#)....#§§T§##.##.#...##.#
##)#######§###.##.#....#.#
#).[...#.§§# #............
#......#.#.# ####........#
#..##..#...# ###.######
#†.##..# ### #.#
#......#.. = #.#
#......#..## #.#


You could see a troll.

Vanquished Creatures
  Grinder (D:4)
  Sigmund (D:5)
  Edmund (D:5)
  A water moccasin (D:6)
  A black bear (D:6)
  A sky beast (D:6)
  An ogre (D:6)
  A centaur (D:6)
  A kobold brigand (D:6)
  A bullfrog (D:6)
  A gnoll sergeant (D:6)
  4 scorpions (D:5)
  3 jellies
  5 hounds
  3 orc priests
  6 iguanas
  3 orc wizards
  10 gnolls
  9 adders
  2 worms
  A dart slug (D:3)
  18 orcs
  5 bats
  6 endoplasms
  3 giant cockroaches
  7 goblins
  10 hobgoblins
  A jackal (D:1)
  13 kobolds
  2 quokkas
  9 ball pythons
  4 frilled lizards
  3 rats (D:1)
138 creatures vanquished.

Notes
Turn   | Place    | Note
-------+----------+-------------------------------------------
     0 | D:1      | cmoyniez the Demonspawn Enchanter began the quest for the
                  | Orb.
     0 | D:1      | Reached XP level 1. HP: 13/13 MP: 3/3
   242 | D:1      | Gained mutation: You regenerate a little health from kills.
                  | [demonic ancestry]
   242 | D:1      | Reached XP level 2. HP: 13/19 MP: 5/5
   245 | D:1      | Learned a level 2 spell: Ensorcelled Hibernation
   564 | D:1      | Gained mutation: You have a pair of small horns on your
                  | head. [potion of mutation]
   564 | D:1      | Gained mutation: You are weak. (Str -2) [potion of
                  | mutation]
   564 | D:1      | Gained mutation: You have hidden genetic potential. [potion
                  | of mutation]
   880 | D:2      | Reached skill level 1 in Long Blades
   880 | D:2      | Discovered your monstrous ancestry.
   880 | D:2      | Mutation became permanent: You have a pair of small horns
                  | on your head. [demonic ancestry]
   880 | D:2      | Gained mutation: You have a pair of small horns on your
                  | head. [demonic ancestry]
   880 | D:2      | Reached XP level 3. HP: 12/24 MP: 3/6
   884 | D:2      | Learned a level 3 spell: Tukima's Dance
   953 | D:2      | Gained mutation: You are partially covered in iridescent
                  | scales. (AC +2) [hidden potential]
  1619 | D:2      | Identified the +10 sling "Miziwove" {freeze, Fly rF- Will+
                  | rCorr}
  1833 | D:2      | Reached XP level 4. HP: 31/31 MP: 7/7
  1964 | D:3      | Gained mutation: Your mind is acute. (Int +4, Str/Dex -1)
                  | [hidden potential]
  1964 | D:3      | Lost mutation: You have hidden genetic potential. [hidden
                  | potential expressed]
  2176 | D:3      | Found a faded altar of an unknown god.
  2196 | D:3      | Found Kywesa's Antique Weapon Emporium.
  2204 | D:3      | Bought a runed mace for 150 gold pieces
  2213 | D:3      | Found Raam's Distillery.
  2268 | D:3      | Found Fyec's General Store.
  2541 | D:3      | Found Jozxeesm's Magic Scroll Shoppe.
  2549 | D:3      | Bought a scroll of teleportation for 42 gold pieces
  2613 | D:3      | Lost mutation: You are partially covered in iridescent
                  | scales. (AC +2) [potion of mutation]
  2613 | D:3      | Lost mutation: Your mind is acute. (Int +4, Str/Dex -1)
                  | [potion of mutation]
  2613 | D:3      | Gained mutation: You are agile. (Dex +4, Str/Int -1)
                  | [potion of mutation]
  2613 | D:3      | Gained mutation: You are partially covered in iridescent
                  | scales. (AC +2) [potion of mutation]
  2630 | D:3      | Reached skill level 1 in Ranged Weapons
  2630 | D:3      | Gained mutation: You have sharp fingernails. [demonic
                  | ancestry]
  2630 | D:3      | Reached XP level 5. HP: 36/36 MP: 8/8
  2638 | D:3      | Reached skill level 1 in Armour
  2886 | D:3      | Found Walaloes's General Store.
  2893 | D:3      | Bought 3 stones for 4 gold pieces
  2919 | D:4      | Reached skill level 1 in Fighting
  3000 | D:4      | Reached skill level 2 in Ranged Weapons
  3076 | D:4      | Found a radiant altar of Vehumet.
  3098 | D:4      | Noticed Grinder
  3105 | D:4      | Killed Grinder
  3106 | D:4      | Reached skill level 3 in Ranged Weapons
  3106 | D:4      | Gained mutation: You have large cloven feet. [demonic
                  | ancestry]
  3106 | D:4      | Reached XP level 6. HP: 37/44 MP: 9/9
  3201 | D:4      | Found a blossoming altar of Fedhas.
  3312 | D:4      | Found a hide-covered altar of Uskayaw.
  3438 | D:4      | Reached skill level 4 in Ranged Weapons
  3449 | D:4      | Found Ciceik's Antique Weapon Shoppe.
  3487 | D:4      | Gained mutation: You have a pair of horns on your head.
                  | [demonic ancestry]
  3487 | D:4      | Reached XP level 7. HP: 50/50 MP: 10/10
  3603 | D:4      | Found a broken altar of Ashenzari.
  3711 | D:5      | Entered Level 5 of the Dungeon
  3753 | D:5      | Found Ychelal's Jewellery Shop.
  3784 | D:5      | Reached skill level 5 in Ranged Weapons
  3789 | D:5      | Found Ubabrut's Book Boutique.
  4003 | D:5      | Noticed Sigmund
  4007 | D:5      | Killed Sigmund
  4008 | D:5      | Gained mutation: You have very sharp fingernails. [demonic
                  | ancestry]
  4008 | D:5      | Reached XP level 8. HP: 55/57 MP: 11/11
  4030 | D:5      | Noticed Edmund
  4042 | D:5      | Killed Edmund
  4043 | D:5      | Reached skill level 6 in Ranged Weapons
  4435 | D:5      | Found Vaobiv's Armour Shoppe.
  4442 | D:5      | Bought a +0 pair of boots for 58 gold pieces
  4497 | D:5      | Learned a level 3 spell: Call Canine Familiar
  4501 | D:5      | Learned a level 3 spell: Portal Projectile
  4531 | D:5      | Found a staircase to the Ecumenical Temple.
  4584 | D:5      | Found Neozoas's Weapon Boutique.
  4590 | D:5      | Bought a +0 rapier for 56 gold pieces
  4590 | D:5      | Bought 3 stones for 4 gold pieces
  4759 | D:5      | Found Ykodapaf's Assorted Antiques.
  4976 | D:6      | Reached skill level 7 in Ranged Weapons
  5398 | D:6      | Noticed a troll
  5432 | D:6      | Reached XP level 9. HP: 65/65 MP: 12/12
  5478 | D:6      | Slain by a troll

Illustrated notes

Levels and vault maps discovered:
D:1:      dpeg_arrival_tiny_d, layout_basic, minmay_misc_feat_hallway,
          minmay_pentomino_r2
D:2:      layout_basic
D:3:      minmay_door_path, layout_loops_corners, serial_shops,
          nicolae_lakefront_shop, nicolae_shop_peninsula, shop,
          nicolae_shop_crystal, nicolae_diamond_shop,
          hellmonk_ecumenical_altar_run_dry, kennysheep_generic_room_9
D:4:      layout_loops_ring, mainiacjoe_overflow_alcove_4, vehumet_crystals,
          kennysheep_mini_moat, zin_academy, amethyst_overflow_temple_binary,
          serial_shops, kennysheep_little_box, uniq_grinder
D:5:      layout_loops_cross, minmay_temple_entry_trees, serial_shops,
          kennysheep_mini, shop, shop, nicolae_shop_advertising_works
          [nicolae_subvault_shop_adworks], shop, sigmund_edmund_badplayer
D:6:      minmay_clustersquares, layout_loops_ring, grunt_decor_fettered

Skill      XL: |  1  2  3  4  5  6  7  8  9 |
---------------+----------------------------+-----
Dodging        | 2 3 |  3.3
Long Blades    | 1 2 |  2.6
Ranged Weapons | 1 3 4 5 7 |  7.8
Armour         | 2 4 |  4.2
Fighting       | 1 2 4 |  4.3
Stealth        | 3 |  3.1
Short Blades   | |  0.8
Spellcasting   | |  2.4
Hexes          | |  3.2

Action                     |  1- 3 |  4- 6 |  7- 9 || total
---------------------------+-------+-------+-------++-------
  Melee: Hand axe          |    24 |       |       ||    24
         Long sword        |    90 |       |       ||    90
         Headbutt          |     8 |       |       ||     8
         Punch             |     1 |       |       ||     1
   Fire: Sling             |     1 |    99 |   163 ||   263
  Throw: Stone             |    12 |       |       ||    12
   Cast: Ensorcelled Hiber |     1 |       |       ||     1
    Use: Scroll            |     7 |     5 |     9 ||    21
         Potion            |     4 |     8 |     5 ||    17
   Stab: Sleeping          |     3 |       |       ||     3
 Armour: Robe              |    12 |       |       ||    12
         Ring mail         |    50 |       |       ||    50
         Scale mail        |       |    28 |    75 ||   103
  Dodge: Dodged            |    73 |    19 |    59 ||   151
